 Dungeon Crawl Stone Soup version 0.29.1-12-g30fa7ad0bf (webtiles) character file.

Game seed: 16583137590230670475

65 xzight the Shield-Bearer (level 3, -4/36 HPs)
             Began as a Troll Fighter on Dec 27, 2022.
             Slain by a gnoll
             ... wielding a +0 flail
              (11 damage)
             ... on level 6 of the Dungeon.
             The game lasted 00:02:15 (1505 turns).

xzight the Shield-Bearer (Troll Fighter)            Turns: 1505, Time: 00:02:15

Health: -4/36      AC:  4    Str: 26    XL:     3   Next: 94%
Magic:  2/2        EV:  8    Int:  4    God:
Gold:   87         SH:  7    Dex:  9    Spells: 2/2 levels left

rFire   . . .      SeeInvis .     - Unarmed
rCold   . . .      Faith    .   b - +0 kite shield
rNeg    . . .      Spirit   .   a - +0 robe
rPois   +          Reflect  .   (helmet restricted)
rElec   .          Harm     .   (no cloak)
rCorr   .          Rampage  .   (gloves unavailable)
Will    .....                   (boots unavailable)
Stlth   +.........              (no amulet)
HPRegen 0.92/turn               P - ring of poison resistance
MPRegen 0.08/turn               (no ring)

@: no status effects
A: large, unfitting armour, claws 3, regeneration 1, shaggy fur 1, tough skin 1
a: no special abilities


You were on level 6 of the Dungeon.
You visited 1 branch of the dungeon, and saw 4 of its levels.

You collected 87 gold pieces.


Innate Abilities, Weirdness & Mutations

You are too large for most types of armour.
You have claws for hands.
Your natural rate of healing is unusually fast.
You are covered in fur. (AC +1)
You have tough skin. (AC +1)


   Skills:
 + Level 2.8 Fighting
 + Level 1.2 Throwing
 - Level 2.4 Dodging
 + Level 3.1 Shields
 * Level 3.0 Unarmed Combat


You had 2 spell levels left.
You didn't know any spells.
Your spell library was empty.

Inventory:

Armour
 a - a +0 robe (worn)
 b - a +0 kite shield (worn)
Jewellery
 P - a ring of poison resistance (left claw)
Scrolls
 d - 4 scrolls of teleportation {unknown}
 e - a scroll of brand weapon {unknown}
 f - a scroll of poison {unknown}
 g - 2 scrolls of identify {unknown}
 k - a scroll of noise {unknown}
 l - a scroll of enchant weapon {unknown}
Potions
 c - a potion of might
 h - a potion of resistance {unknown}
 i - a potion of flight {unknown}
 j - a potion of curing {unknown}
 m - a potion of magic {unknown}

Dungeon Overview and Level Annotations

Branches:
Dungeon (3/15)

Altars:

Shops:
D:2

* #########.#
#..g.g@...# ##
#g#########
..## #.# ..#
#g# ..# #.#
#g#####g#######
#$##...........
#.##g##.#######
#.###.##.##.#


You could see 3 gnolls.


Message History

The iguana bites you!
You claw the iguana!
You kill the iguana!
Your Unarmed Combat skill increases to level 3!
You closely miss the gnoll.
A gnoll comes into view. It is wielding a +0 flail.
The gnoll barely misses you.
You barely miss the gnoll. The gnoll barely misses you.
You scratch the gnoll.
The gnoll is lightly wounded.
The gnoll hits you with a +0 flail.
You barely miss the gnoll.
The gnoll is lightly wounded.
The gnoll hits you with a +0 flail!
* * * LOW HITPOINT WARNING * * *
The gnoll hits you with a +0 flail!
* * * LOW HITPOINT WARNING * * *
You are too injured to fight recklessly!
You are too injured to fight recklessly!
The gnoll attacks as you move away! The gnoll closely misses you.
The gnoll attacks as you move away! The gnoll hits you but does no damage.
The gnoll attacks as you move away! The gnoll hits you with a +0 flail!
* * * LOW HITPOINT WARNING * * *
The gnoll attacks as you move away! The gnoll hits you with a +0 flail.
* * * LOW HITPOINT WARNING * * *
The gnoll attacks as you move away! The gnoll hits you with a +0 flail.
* * * LOW HITPOINT WARNING * * *
The gnoll attacks as you move away! The gnoll barely misses you.
The gnoll attacks as you move away! The gnoll hits you with a +0 flail!
You die...

Skill      XL: |  1  2  3 |
---------------+----------+-----
Shields        | 3 |  3.1
Throwing       | 1 |  1.2
Unarmed Combat | 3 |  3.0
Fighting       | |  2.8
Dodging        | |  2.4

Action                   || total
-------------------------++-------
Melee: Unarmed           ||    84
Armor: Robe              ||    30
Dodge: Dodged            ||    32
Block: Kite shield       ||    28

Levels and vault maps discovered:
D:1:      roderic_crop_circles_arrival_small, layout_loops_corners,
          shapermc_ecumenical_altar_ellora
D:2:      layout_rooms, serial_shops, nicolae_shop_advertising_works
          [nicolae_subvault_shop_adworks]
D:3:      layout_rooms, uniq_crazy_yiuf_cottage
D:6:      layout_loops_ring, kennysheep_mini, zin_purify,
          nicolae_ossuary_entry_false_entrances

Notes
Turn   | Place    | Note
-------+----------+-------------------------------------------
     0 | D:1      | xzight the Troll Fighter began the quest for the Orb.
     0 | D:1      | Reached XP level 1. HP: 22/22 MP: 0/0
    51 | D:1      | Found a faded altar of an unknown god.
   291 | D:1      | Reached XP level 2. HP: 29/29 MP: 1/1
   972 | D:2      | Reached skill level 3 in Shields
   972 | D:2      | Reached XP level 3. HP: 36/36 MP: 2/2
  1022 | D:2      | Found Koafos's Assorted Antiques.
  1062 | D:2      | Reached skill level 1 in Throwing
  1266 | D:2      | Identified the +10 hand axe of Yesterday {vorpal, rC+}
  1465 | D:3      | You fall into a shaft and drop 3 floors!
  1484 | D:6      | Reached skill level 3 in Unarmed Combat
  1505 | D:6      | Slain by a gnoll

Vanquished Creatures
  An iguana (D:6)
  An adder (D:2)
  A dart slug (D:1)
  4 endoplasms (D:1)
  A giant cockroach (D:2)
  2 goblins (D:2)
  2 hobgoblins (D:2)
  3 jackals (D:1)
  2 kobolds (D:1)
  3 quokkas (D:1)
  4 bats (D:1)
  A frilled lizard (D:1)
  2 rats
27 creatures vanquished.

Table legend: (Time is in decaauts)
 A = Elapsed time spent in this place.
 B = Non-inter-level travel time spent in this place.
 C = Inter-level travel time spent in this place.
 D = Time resting spent in this place.
 E = Time spent auto-exploring this place.
 F = Levels seen in this place.
 G = Mean time per level.
                   A        B        C        D        E       F      G
               +--------+--------+--------+--------+--------+-----+--------+
         Total |   1510 |   1437 |     73 |      0 |   1197 |   4 |  377.5 |
       Dungeon |   1510 |   1437 |     73 |      0 |   1197 |   4 |  377.5 |
               +--------+--------+--------+--------+--------+-----+--------+

Top non-repeatable levels by time:
     D:1: 965 daAuts
     D:2: 502 daAuts
     D:6: 40 daAuts
     D:3: 1 daAuts

Table legend:
 A = Non-vault XP
 B = Vault XP
 C = Vault XP percentage of total XP
 D = Non-vault monster count
 E = Vault monster count
 F = Vault count percentage of total count
                 A         B        C        D         E       F
            +---------+---------+-------+---------+---------+-------
      Total |      94 |       0 |   0.0 |      27 |       0 |   0.0
            +---------+---------+-------+---------+---------+-------
        D:1 |      34 |       0 |   0.0 |      19 |       0 |   0.0
        D:2 |      24 |       0 |   0.0 |       7 |       0 |   0.0
        D:6 |      36 |       0 |   0.0 |       1 |       0 |   0.0
            +---------+---------+-------+---------+---------+-------
